 Dungeon Crawl Stone Soup version 0.17-a0-4-gb793c6d (webtiles) character file.

50999 Pikaro the Fetichist (level 14, -9/62 HPs)
             Began as a Vine Stalker Assassin on Mar 4, 2015.
             Was the Champion of Dithmenos.
             Killed by divine providence
             ... invoked by an orc priest
              (14 damage)
             ... on level 4 of the Orcish Mines.
             The game lasted 02:00:22 (23221 turns).

Pikaro the Fetichist (Vine Stalker Assassin)       Turns: 23221, Time: 02:00:22

Health: -9/62      AC: 14    Str: 22    XL:     14   Next: 57%
Magic:  0/33       EV: 16    Int: 12    God:    Dithmenos [******]
Gold:   1792       SH:  6    Dex: 20    Spells: 0 memorised, 13 levels left

rFire  . . .     SeeInvis .     a - +2 dagger (protect)
rCold  . . .     Clarity  .     z - +0 leather armour of Sunlight {+Inv}
rNeg   + . .     SustAb   .     k - +0 buckler
rPois  .         Gourm    .     (no helmet)
rElec  .         Spirit   +     d - +0 cloak
rCorr  .         Warding  +     n - +2 pair of gloves
rMut   .         Stasis   .     u - +0 pair of boots
MR     ++...                    j - amulet of warding {Ward, rN+, !d}
Stlth  ++++++++++               F - ring of the Octopus King {AC+1 EV+1 Str+1 Int+1 Dex+1 Stlth+}
                                P - ring of protection from magic {MR+, !d}

@: mighty, very slightly contaminated, wreathed by umbra, very resistant to
hostile enchantments, uncannily stealthy
A: fangs 3, regeneration 3, magic shield, antimagic bite, no device heal 3, rot
immunity
a: Shadow Step, Shadow Form, Renounce Religion, Evoke Invisibility


You were on level 4 of the Orcish Mines.
You worshipped Dithmenos.
Dithmenos was exalted by your worship.
You were very hungry.

You visited 4 branches of the dungeon, and saw 24 of its levels.

You collected 2121 gold pieces.
You spent 329 gold pieces at shops.

Inventory:

Hand weapons
 a - a +2 dagger of protection (weapon)
   (You took it off a goblin on level 4 of the Dungeon)
 b - a +0 blowgun
Missiles
 e - 104 poisoned needles
 f - 10 curare-tipped needles
Armour
 d - a +0 cloak (worn)
 h - a +0 shield of reflection
   (You took it off Donald on level 2 of the Orcish Mines)
 k - a +0 buckler (worn)
   (You took it off a spriggan on level 5 of the Lair of Beasts)
 n - a +2 pair of gloves (worn)
   (You found it on level 1 of the Dungeon)
 u - a +0 pair of boots (worn)
   (You found it on level 3 of the Dungeon)
 z - the +0 leather armour of Sunlight (worn) {+Inv}
   (You found it on level 5 of the Dungeon)

   It lets you turn invisible.
 J - a troll hide {regen}
   (You found it on level 4 of the Orcish Mines)
Jewellery
 j - an amulet of warding (around neck) {Ward, rN+, !d}
   (You found it on level 12 of the Dungeon)
 q - an uncursed amulet of rage {+Rage, !d}
   (You found it on level 5 of the Dungeon)
 F - a ring of the Octopus King (right hand) {AC+1 EV+1 Str+1 Int+1 Dex+1 Stlth+}
   (You took it off a wight on level 8 of the Dungeon)

   [ring of stealth]

   It affects your AC (+1).
   It affects your evasion (+1).
   It affects your strength (+1).
   It affects your intelligence (+1).
   It affects your dexterity (+1).
   It makes you more stealthy.
 P - a ring of protection from magic (left hand) {MR+, !d}
   (You found it on level 10 of the Dungeon)
Magical devices
 g - a wand of polymorph (17)
   (You found it on level 2 of the Lair of Beasts)
 l - a wand of digging (13)
   (You found it on level 4 of the Lair of Beasts)
 r - a wand of lightning (5)
   (You found it on level 3 of the Lair of Beasts)
 y - a wand of cold (0)
   (You found it on level 4 of the Dungeon)
 A - a wand of paralysis (10)
   (You found it on level 1 of the Lair of Beasts)
 G - a wand of slowing (15)
   (You found it on level 4 of the Lair of Beasts)
 S - a wand of digging (10)
   (You found it on level 12 of the Dungeon)
Scrolls
 c - 3 scrolls of fear
 v - 2 scrolls of identify
 B - 3 scrolls of teleportation
 E - 2 scrolls of enchant armour
 I - 2 scrolls of fog
 Y - 6 scrolls of remove curse
Potions
 o - 7 potions of curing
 p - a potion of might
 t - a potion of berserk rage {!q}
 w - a potion of resistance
 x - 2 potions of magic
 L - 3 potions of haste
Miscellaneous
 i - a box of beasts
   (You found it on level 3 of the Lair of Beasts)
 s - an ornate deck of summoning
   (You found it on level 3 of the Lair of Beasts)
Comestibles
 m - 12 meat rations
 C - 2 bread rations
 D - 4 fruits


   Skills:
 - Level 1.7 Fighting
 - Level 10.1 Short Blades
 - Level 1.7 Throwing
 + Level 4.3 Dodging
 - Level 15.0 Stealth
 - Level 5.1 Shields
 - Level 17.0 Evocations


You had 13 spell levels left.
You didn't know any spells.

Dungeon Overview and Level Annotations

Branches:
Dungeon (13/15)            Temple (1/1) D:5            Lair (6/8) D:10
 Shoals (0/5) Lair:4        Snake (0/5) Lair:6          Orc (4/4) D:10
    Elf (0/3) Orc:3        Vaults (0/5) D:13
  Slime: Lair:6-8

Altars:
Ashenzari
Cheibriados
Dithmenos
Elyvilon
Fedhas
Gozag
Kikubaaqudgha
Makhleb
Nemelex Xobeh
Okawaru
Qazlal
Ru
Sif Muna
Trog
Vehumet
Xom
Yredelemnul
Zin
The Shining One

Shops:
D:5 (   D:7 *!*!   Orc:4 %*

Annotations:
D:8 exclusion: 2 oklob saplings
D:12 exclusions: electric eel and jelly


Innate Abilities, Weirdness & Mutations

You have razor-sharp teeth.
You regenerate.
When hurt, damage is shared between your health and your magic reserves.
Your bite disrupts and absorbs the magic of your enemies.
Potions and wands cannot restore your health.
You are immune to rotting.


Message History

You block the orc sorcerer's attack.
The orc high priest prays to Beogh.
The hellwing hits you but does no damage.
The hellwing closely misses you.
Danger x5: orc sorcerer x2, orc high priest, smoke demon (wandering), orc knight!
You catch the helpless orc warrior completely off-guard!
You stick the orc warrior like a pincushion!!!
You kill the orc warrior!
The smoke demon disappears in a puff of smoke!
The orc sorcerer moves out of view.
Warning x3: The orc sorcerer can cast Paralyse, Summon Demon, Animate Dead, Bolt of Fire!
The orc knight can hit for high damage!
The orc high priest can smite you!
The orc high priest hits you with a dire flail.
You now have 26/33 mp.
The orc high priest mumbles some strange prayers to Beogh against you.
Something smites you!
You take 6 damage, and have 37/62 hp.
You now have 22/33 mp.
Warning x2: The orc sorcerer can cast Paralyse, Summon Demon, Animate Dead, Bolt of Fire!
The orc high priest can smite you!
Drink which item? (? for menu, Esc to quit)
You feel very mighty all of a sudden.
Danger x4: orc sorcerer x2, orc knight, orc high priest!
You miss the orc high priest. You bite the orc high priest!
You drain its power.
You feel invigorated. You block the orc sorcerer's attack.
The orc high priest barely misses you.
MP restored: 33 You puncture the orc high priest!
You bite the orc high priest. You drain its power.
Warning x3: The orc sorcerer can cast Paralyse, Summon Demon, Animate Dead, Bolt of Fire!
The orc knight can hit for high damage!
The orc high priest can smite you!
You closely miss the orc high priest.
The orc sorcerer casts a spell.
You hit the orc high priest but do no damage.
You bite the orc high priest! You drain its power.
You hit the orc high priest but do no damage.
You bite the orc high priest! You drain its power.
The orc sorcerer throws its arms wide while chanting.
The dead are walking!
The rust devil hits you. The rust devil corrodes your equipment!
The orc high priest utters an invocation to Beogh.
The orc high priest is healed somewhat. 4 zombies and 2 skeletons come into view.
Warning x3: The orc sorcerer can cast Paralyse, Summon Demon, Animate Dead, Bolt of Fire!
The orc knight can hit for high damage!
The orc high priest can smite you!
You hit the orc high priest. Your bite misses the orc high priest.
The rust devil tries to attack you, but flinches away.
You are feeling very hungry.
You barely miss the orc high priest. You bite the orc high priest!
You drain its power.
You kill the orc high priest!
The hellwing disappears in a puff of smoke!
The rust devil disappears in a puff of smoke!
The orc sorcerer casts a spell at you. The bolt of fire hits you!
You emit a cloud of dark smoke.
The rust devil barely misses you.
You take 21 damage, and have 19/62 hp.
MASSIVE DAMAGE!!
You now have 17/33 mp.
Warning x2: The orc sorcerer can cast Paralyse, Summon Demon, Animate Dead, Bolt of Fire!
The orc knight can hit for high damage!
Here: a rust devil (black smoke, summoned, umbra)
The floor.
The orc zombie barely misses you. The orc zombie closely misses you.
The orc sorcerer misses you.
The orc zombie hits you but does no damage.
An orc zombie comes into view. It is wielding a falchion.
Spoiler Alert: The orc sorcerer can cast Paralyse, Summon Demon, Animate Dead, Bolt of Fire!
The orc zombie hits you with a long sword.
You take 2 damage, and have 19/62 hp.
You now have 15/33 mp.
You flicker for a moment.
The orc sorcerer points at you and mumbles some strange words.
The bolt of fire hits you!
* * * LOW HITPOINT WARNING * * *
You emit a cloud of dark smoke.
You take 17 damage, and have 3/62 hp.
MASSIVE DAMAGE!!
You now have 3/33 mp.
Spoiler Alert: The orc sorcerer can cast Paralyse, Summon Demon, Animate Dead, Bolt of Fire!
Items here: ( ))) [[[ You flicker back into view.
You repair your equipment. a flail of holy wrath; a chain mail; a whip a mace; a shiny plate armour; a bolt An orc priest comes into view.
It is wielding a mace.
Spoiler Alert: The orc priest (wandering) can smite you!
Spoiler Alert: The orc priest (wandering) can smite you!
The orc priest shouts!
Spoiler Alert: The orc priest can smite you!
You see here a mace.
An orc comes into view.
The orc priest invokes the aid of Beogh against you.
Something smites you!
* * * LOW HITPOINT WARNING * * *
The orc moves out of view.
You take 8 damage, and have 13/62 hp.
You now have 4/33 mp.
Spoiler Alert: The orc priest can smite you!
The orc priest invokes the aid of Beogh against you.
Something smites you!
* * * LOW HITPOINT WARNING * * *
The orc shouts!
You take 8 damage, and have 5/62 hp.
You now have 2/33 mp.
You puncture the orc priest!
The orc priest invokes the aid of Beogh against you.
Something smites you!
You die...

#...÷##......# ## ##.)(#[#
##....#......#####.# ##))))).)
###.......#.#...#..###..#)#...
#.....#.##o#......###..##....#
........#<..#....###..###...##
#.............###..###...##
#...##.##......##..###.Z.##
##.##..#...o.....Z###.).##
#....#...@)...###)).##
##..#....[...###.#.##
###.......)###.§)## #
##.#.....#..###§#§## .#
#.......#....###§§Z## .##
##.##..#......###§§Z##..#
#######..#....###Zo4##..
#...##....###Z§§#o# ##.##
..... ##Z§Zo)


You could see an orc priest, an orc and an orc skeleton.

Vanquished Creatures
  Donald (Orc:2)
  Harold (D:12)
  3 hydras
  Erica (Lair:4)
  2 orc high priests (Orc:4)
  10 death yaks
  A sun demon (Orc:4)
  Urug (Orc:2)
  Pikel (D:6)
  2 hill giants
  An unseen horror (D:10)
  2 orc sorcerers (Orc:4)
  5 orc knights
  The ghost of hornqvist the Covert, an experienced OpAs (D:4)
  Maurice (D:8)
  4 spiny frogs
  A centaur skeleton (D:11)
  An orange demon (Orc:4)
  Psyche (D:9)
  8 komodo dragons
  6 black mambas
  2 fire drakes
  2 two-headed ogres
  A tengu conjurer (D:13)
  4 wandering mushrooms (D:8)
  A blue devil (Orc:4)
  2 trolls
  A red devil (Orc:4)
  6 blink frogs
  A raven (D:13)
  3 basilisks
  40 yaks
  2 hungry ghosts
  A wyvern (Lair:2)
  3 spriggans (Lair:5)
  3 deep elf magi
  17 wolves
  2 wraiths
  A neqoxec (Orc:4)
  2 water elementals (D:13)
  8 hippogriffs
  Edmund (D:4)
  2 sky beasts (D:9)
  2 wargs
  9 water moccasins
  25 orc warriors
  4 black bears
  2 ice beasts
  5 porcupines
  A phantom (D:5)
  6 centaurs
  A necrophage (D:11)
  7 crocodiles
  15 giant frogs
  11 ogres
  2 big kobolds
  Blork the orc (D:5)
  A water moccasin zombie (D:9)
  A wyvern zombie (D:11)
  A wyvern skeleton (D:13)
  2 scorpions
  An electric eel (D:12)
  7 wights
  3 giant frog zombies
  2 crimson imps
  A quasit (D:6)
  A gnoll shaman (D:6)
  4 goliath beetles
  A centaur zombie (D:5)
  A giant frog skeleton (D:6)
  39 orc priests
  10 orc wizards
  10 hounds
  6 iguanas
  Natasha (thrice) (D:5)
  6 sheep
  7 worker ants
  A hound skeleton (D:8)
  A hound zombie (D:7)
  36 river rats
  A worker ant zombie (D:8)
  20 gnolls
  21 adders
  A giant mite (D:7)
  A worm (D:4)
  2 orc zombies (Orc:4)
  2 adder zombies
  4 giant geckos
  118 orcs
  11 bats
  2 giant cockroaches
  44 hobgoblins
  14 jackals
  18 kobolds
  22 quokkas
  A giant gecko skeleton (D:7)
  4 giant newts
  A giant spore (D:8)
  42 goblins
  A quokka skeleton (D:9)
  11 rats
736 creatures vanquished.

Vanquished Creatures (others)
  A gnoll (D:6)
  12 orcs
  A bat skeleton (D:6)
  A fungus (Lair:5)
  5 plants
20 creatures vanquished.

Grand Total: 756 creatures vanquished

Notes
Turn   | Place    | Note
--------------------------------------------------------------
     0 | D:1      | Pikaro, the Vine Stalker Assassin, began the quest for the Orb.
     0 | D:1      | Reached XP level 1. HP: 11/11 MP: 1/1
    42 | D:1      | Reached skill level 2 in Short Blades
   194 | D:1      | Reached XP level 2. HP: 15/15 MP: 3/3
   811 | D:2      | Reached skill level 3 in Short Blades
   867 | D:2      | Reached XP level 3. HP: 16/18 MP: 4/4
  1033 | D:2      | Found a sacrificial altar of Ru.
  1472 | D:3      | Reached XP level 4. HP: 23/23 MP: 5/5
  1539 | D:3      | Noticed a black bear
  1544 | D:3      | Killed a black bear
  1544 | D:3      | Reached skill level 4 in Short Blades
  1544 | D:3      | Reached XP level 5. HP: 26/26 MP: 7/7
  2026 | D:3      | Reached skill level 5 in Short Blades
  2181 | D:3      | HP: 6/26 [goblin/club (2)]
  2282 | D:3      | Noticed a big kobold
  2325 | D:3      | Gained mutation: You heal very quickly. [vine stalker growth]
  2325 | D:3      | Reached XP level 6. HP: 18/30 MP: 8/8
  2595 | D:3      | HP: 7/30 [gnoll/spear (7)]
  2596 | D:3      | HP: 1/30 [goblin (4)]
  2727 | D:3      | Killed a big kobold
  2727 | D:3      | Reached skill level 6 in Short Blades
  2949 | D:4      | Noticed hornqvist's ghost (experienced OpAs)
  3098 | D:4      | Noticed a water moccasin
  3123 | D:4      | Reached XP level 7. HP: 9/34 MP: 9/9
  3214 | D:4      | Killed a water moccasin
  3214 | D:4      | Reached skill level 7 in Short Blades
  3309 | D:4      | Killed hornqvist's ghost
  3309 | D:4      | Reached skill level 8 in Short Blades
  3309 | D:4      | Gained mutation: You have razor-sharp teeth. [vine stalker growth]
  3309 | D:4      | Reached XP level 8. HP: 24/38 MP: 11/11
  3599 | D:4      | Reached skill level 9 in Short Blades
  3679 | D:4      | Noticed Edmund
  3710 | D:4      | Killed Edmund
  3945 | D:5      | Entered Level 5 of the Dungeon
  3955 | D:5      | Found a staircase to the Ecumenical Temple.
  3985 | D:5      | Got a scorched leather armour
  3996 | D:5      | Identified the +0 leather armour of Sunlight {+Inv} (You found it on level 5 of the Dungeon)
  4041 | D:5      | Found Streamis' Antique Weapon Boutique.
  4077 | D:5      | Noticed a two-headed ogre
  4085 | D:5      | Killed a two-headed ogre
  4085 | D:5      | Reached skill level 10 in Short Blades
  4127 | Temple   | Entered the Ecumenical Temple
  4217 | Temple   | Became a worshipper of Dithmenos the Shadowed
  4318 | D:5      | Reached skill level 5 in Stealth
  4456 | D:5      | Reached XP level 9. HP: 39/42 MP: 12/12
  4570 | D:5      | Noticed Blork the orc
  4573 | D:5      | Killed Blork the orc
  4573 | D:5      | Reached skill level 1 in Evocations
  4892 | D:6      | Noticed Pikel
  4892 | D:6      | Noticed Natasha
  4939 | D:5      | Killed Natasha
  5094 | D:5      | Found Streamis' Antique Weapon Boutique.
  5102 | D:5      | Noticed Natasha
  5108 | D:5      | Killed Natasha
  5187 | D:5      | Noticed Natasha
  5192 | D:5      | Killed Natasha
  5219 | D:5      | Reached skill level 6 in Stealth
  5219 | D:5      | Reached skill level 2 in Evocations
  5288 | D:6      | Killed Pikel
  5288 | D:6      | Reached skill level 7 in Stealth
  5288 | D:6      | Reached skill level 3 in Evocations
  5607 | D:6      | Reached skill level 4 in Evocations
  5967 | D:6      | Reached skill level 8 in Stealth
  6325 | D:7      | Found an opulent altar of Gozag.
  6331 | D:7      | Found Qipoachi's Distillery.
  6365 | D:7      | Bought a potion of poison for 10 gold pieces
  6365 | D:7      | Bought a potion of lignification for 30 gold pieces
  6365 | D:7      | Bought a potion of haste for 100 gold pieces
  6380 | D:7      | Found a white marble altar of Elyvilon.
  6429 | D:7      | Found Gamucanau's Distillery.
  6445 | D:7      | Bought a potion of mutation for 30 gold pieces
  6496 | D:7      | Found Twoebb's General Store.
  6610 | D:7      | Found a basalt altar of Yredelemnul.
  6654 | D:7      | Found Schyxt's Assorted Antiques.
  6660 | D:7      | Reached skill level 5 in Evocations
  6698 | D:7      | Bought a steaming robe for 159 gold pieces
  6708 | D:7      | Identified the +0 robe of the Rose {Dex+3} (You bought it in a shop on level 7 of the Dungeon)
  6842 | D:7      | Reached skill level 9 in Stealth
  7058 | D:8      | Acquired Dithmenos' first power
  7132 | D:8      | Reached XP level 10. HP: 46/46 MP: 20/20
  7271 | D:8      | Reached skill level 6 in Evocations
  7358 | D:8      | Reached skill level 10 in Stealth
  7465 | D:8      | Noticed Maurice
  7496 | D:8      | Killed Maurice
  7840 | D:8      | Got a ring of the Octopus King
  7842 | D:8      | Identified a ring of the Octopus King {AC+1 EV+1 Str+1 Int+1 Dex+1 Stlth+} (You took it off a wight on level 8 of the Dungeon)
  7867 | D:8      | Noticed a wandering mushroom
  7868 | D:8      | Killed a wandering mushroom
  7873 | D:8      | Noticed a wandering mushroom
  7874 | D:8      | Killed a wandering mushroom
  7874 | D:8      | Reached skill level 7 in Evocations
  7875 | D:8      | Noticed a wandering mushroom
  7876 | D:8      | Killed a wandering mushroom
  7876 | D:8      | Reached skill level 11 in Stealth
  7880 | D:8      | Found a blossoming altar of Fedhas.
  7880 | D:8      | Noticed a wandering mushroom
  7882 | D:8      | Killed a wandering mushroom
  8136 | D:9      | Noticed Psyche
  8244 | D:9      | Reached skill level 8 in Evocations
  8267 | D:9      | HP: 9/46 [goliath beetle (15)]
  8478 | D:9      | Killed Psyche
  8478 | D:9      | Reached skill level 12 in Stealth
  8555 | D:9      | Reached XP level 11. HP: 50/50 MP: 18/24
  8764 | D:9      | Found a snail-covered altar of Cheibriados.
  8830 | D:10     | Entered Level 10 of the Dungeon
  8874 | D:10     | Found a staircase to the Orcish Mines.
  9161 | D:10     | Found a staircase to the Lair.
  9168 | D:10     | Acquired Dithmenos' second power
  9303 | D:10     | Killed an unseen horror
  9303 | D:10     | Reached skill level 9 in Evocations
 10373 | D:11     | Noticed a hill giant
 10388 | D:11     | HP: 8/50 [hill giant/giant club (16)]
 10390 | D:11     | Killed a hill giant
 10390 | D:11     | Reached skill level 13 in Stealth
 10947 | D:12     | Noticed a hill giant
 10953 | D:12     | Killed a hill giant
 10986 | D:12     | Reached skill level 10 in Evocations
 11006 | D:12     | Identified a -1 rod of inaccuracy (13/13) (You found it on level 12 of the Dungeon)
 11142 | D:12     | Noticed Harold
 11170 | D:12     | Killed Harold
 11176 | D:12     | Reached skill level 14 in Stealth
 11631 | D:13     | Found a gate to the Vaults.
 11631 | D:13     | Noticed a vault guard
 11631 | D:13     | Noticed a vault guard
 11631 | D:13     | Noticed a vault guard
 11631 | D:13     | Noticed a five-headed hydra
 11631 | D:13     | Noticed a vault guard
 11631 | D:13     | Noticed an eight-headed hydra
 11962 | Lair:1   | Entered Level 1 of the Lair of Beasts
 12022 | Lair:1   | Gained mutation: You regenerate. [vine stalker growth]
 12022 | Lair:1   | Reached XP level 12. HP: 54/54 MP: 27/27
 12422 | D:10     | Reached skill level 11 in Evocations
 13268 | Lair:2   | Acquired Dithmenos' third power
 13325 | Lair:2   | Reached skill level 15 in Stealth
 13450 | Lair:2   | HP: 13/54 [poisoned by a black mamba]
 13980 | Lair:2   | Reached skill level 12 in Evocations
 14481 | Lair:3   | Got a fine chain mail
 14600 | Lair:3   | HP: 13/54 [poisoned by a spiny frog]
 14605 | Lair:3   | HP: 7/54 [poisoned by a spiny frog]
 14610 | Lair:3   | HP: 6/54 [poisoned by a spiny frog]
 14615 | Lair:3   | HP: 5/54 [poisoned by a spiny frog]
 14621 | Lair:3   | HP: 7/54 [poisoned by a spiny frog]
 14629 | Lair:3   | HP: 10/54 [poisoned by a spiny frog]
 15098 | Lair:3   | Reached skill level 13 in Evocations
 15596 | Lair:3   | Reached XP level 13. HP: 51/58 MP: 30/30
 15816 | Lair:4   | Reached skill level 14 in Evocations
 16062 | Lair:4   | Noticed Erica
 16098 | Lair:4   | Killed Erica
 16229 | Lair:4   | Found a staircase to the Shoals.
 16981 | Lair:5   | Reached skill level 15 in Evocations
 17799 | Lair:5   | Reached skill level 16 in Evocations
 18456 | Lair:5   | HP: 14/58 [komodo dragon (6)]
 18458 | Lair:5   | HP: 4/58 [komodo dragon (11)]
 19106 | Lair:6   | Reached XP level 14. HP: 62/62 MP: 33/33
 19308 | Lair:6   | Acquired Dithmenos' fourth power
 19418 | Lair:6   | Reached skill level 17 in Evocations
 19425 | Lair:6   | Found a staircase to the Snake Pit.
 19446 | Lair:6   | HP: 7/62 [guardian serpent (14)]
 19786 | Orc:1    | Entered Level 1 of the Orcish Mines
 19944 | Orc:1    | Reached skill level 1 in Shields
 20331 | Orc:2    | Noticed Urug
 20355 | Orc:2    | Killed Urug
 20355 | Orc:2    | Reached skill level 2 in Shields
 20758 | Orc:3    | Noticed Donald
 20815 | Orc:3    | Found a staircase to the Elven Halls.
 20951 | Orc:2    | Reached skill level 3 in Shields
 21311 | Orc:2    | HP: 14/62 [Donald/double sword of draining (3)]
 21312 | Orc:2    | HP: 3/62 [Donald/double sword of draining (12)]
 21496 | Orc:2    | Killed Donald
 21501 | Orc:3    | Reached skill level 4 in Shields
 21787 | Orc:4    | Entered Level 4 of the Orcish Mines
 21823 | Orc:4    | HP: 15/62 [orc priest/divine providence (7)]
 22192 | Orc:4    | Found Nuteky's Food Shoppe.
 22194 | Orc:4    | Found Craamp's General Store.
 22479 | Orc:4    | Reached skill level 5 in Shields
 22544 | Orc:4    | Reached skill level 1 in Dodging
 22574 | Orc:4    | Reached skill level 2 in Dodging
 22830 | Orc:4    | Reached skill level 3 in Dodging
 22939 | Orc:4    | HP: 12/62 [orc warrior/halberd (8)]
 23166 | Orc:4    | Reached skill level 4 in Dodging
 23196 | Orc:4    | HP: 3/62 [orc sorcerer/bolt of fire (17)]
 23219 | Orc:4    | HP: 13/62 [orc priest/divine providence (9)]
 23220 | Orc:4    | HP: 5/62 [orc priest/divine providence (9)]
 23221 | Orc:4    | Killed from afar by an orc priest

Action                   |  1- 3 |  4- 6 |  7- 9 | 10-12 | 13-15 || total
-------------------------+-------+-------+-------+-------+-------++-------
Melee: Dagger            |   102 |   266 |   526 |  1353 |  1335 ||  3582
 Fire: Blowgun           |       |       |       |     3 |       ||     3
Invok: Shadow Step       |       |       |       |     5 |     3 ||     8
 Abil: Evoke Berserk Rag |       |       |     1 |       |       ||     1
       Evoke Invisibilit |       |       |       |     4 |    21 ||    25
Evoke: Wand              |       |       |       |       |     3 ||     3
  Use: Scroll            |       |    10 |     5 |     9 |     4 ||    28
       Potion            |       |     1 |     5 |     2 |     6 ||    14
 Stab: Sleeping          |    12 |     1 |    17 |    60 |    59 ||   149
       Distracted        |       |     1 |     3 |     7 |     2 ||    13
       Invisible         |       |     1 |       |    11 |   112 ||   124
       Confused          |       |       |       |     1 |       ||     1
  Eat: Chunk             |     2 |     5 |    14 |    26 |    37 ||    84
       Bread ration      |       |       |       |     1 |       ||     1

Vault maps used:
D:1:      lordsloth_arrival_two_stooges
D:2:      serial_bayou_pond_d, hangedman_ru_absence
D:3:      minmay_goblin_kobold_castle, nrook_loot_triangle
D:4:      first_bread, uniq_edmund
D:5:      temple_statues, serial_shops, shop_fountains, uniq_blork_the_orc
D:6:      uniq_pikel, uniq_natasha
D:7:      old_standard_altar, nicolae_overflow_crystal_walls,
          lemuel_coloured_pillars_altar, serial_shops, nicolae_shop_stone,
          nicolae_shop_waterfront, shop, shop_coins
D:8:      hangedman_tree_tricks, minmay_misc_feat_pillars, uniq_maurice
D:9:      basic_altar, uniq_psyche
D:10:     dpeg_lair_monsters
D:11:     st_stairs_5
D:12:     wad_bat_island, uniq_harold
D:13:     lightli_vaults_fourway_checkpoint, special_room,
          minmay_misc_feat_enclosed, serial_bayou_lake_a
Temple:   lightli_temple_of_artemis
Lair:1:   minmay_holes
Lair:2:   grunt_megastairs_2, infiniplex_staircase_pool
Lair:4:   elwin_shoals_entry_rooms, uniq_erica
Lair:5:   beast_lair_carwin_large_4, serial_bayou_pond_d, st_stairs_6,
          wad_woods_02
Lair:6:   minmay_snake_entry_spellcaster, disabler_island, grunt_megastairs_4,
          lemuel_fruit_tree
Orc:2:    uniq_urug
Orc:3:    nicolae_orc_pool_cavern, minmay_orc_treasury, uniq_donald, uniq_nessos
Orc:4:    pf_orc_diabolical, bh_open_orc_temple

Table legend:
 A = Turns spent in this place as a percentage of turns spent in the entire game.
 B = Non-inter-level travel turns spent in this place as a percentage of non-inter-level travel turns spent in the entire game.
 C = Inter-level travel turns spent in this place as a percentage of turns spent in this place.
 D = Turns resting spent in this place as a percentage of non-inter-level travel turns spent in this place.
 E = Turns spent auto-exploring this place as a percentage of non-inter-level travel turns spent in this place.
 F = Non-inter-level travel turns spent in this place divided by the number of levels of this place that you've seen.
                   A       B       C       D       E      F
               +-------+-------+-------+-------+-------+----------------------
         Total | 100.0 | 100.0 |   0.5 |   3.0 |   4.9 | 386.2
       Dungeon |  47.6 |  47.7 |   0.4 |   3.2 |   6.2 | 339.8
        Temple |   0.5 |   0.5 |   0.0 |   0.0 |  25.0 |  44.0
          Lair |  33.9 |  33.9 |   0.4 |   2.8 |   3.5 | 523.0
  Orcish Mines |  18.0 |  18.0 |   0.6 |   2.6 |   3.7 | 417.5
               +-------+-------+-------+-------+-------+----------------------

Table legend:
 A = Kills in this place as a percentage of kills in entire the game.
 B = Kills by you in this place as a percentage of kills by you in the entire game.
 C = Kills by friends in this place as a percentage of kills by friends in the entire game.
 D = Other kills in this place as a percentage of other kills in the entire game.
 E = Experience gained in this place as a percentage of experience gained in the entire game.
 F = Experience gained in this place divided by the number of levels of this place that you have seen.
                   A       B       C       D       E      F
               +-------+-------+-------+-------+-------+----------------------
         Total | 100.0 | 100.0 |  -nan | 100.0 | 100.0 | 3035.7
       Dungeon |  47.2 |  47.3 |  -nan |   0.0 |  25.8 | 1444.5
          Lair |  26.9 |  27.0 |  -nan |   0.0 |  52.1 | 6323.7
  Orcish Mines |  25.8 |  25.7 |  -nan | 100.0 |  22.1 | 4034.0
               +-------+-------+-------+-------+-------+----------------------
